 Dungeon Crawl Stone Soup version 0.22.0-6-g71bd7aa6b3 (webtiles) character file.

11340 Ablot the Thaumaturge (level 11, -8/86 HPs)
             Began as a Gnoll Skald on Aug 15, 2018.
             Was an Elder of Okawaru.
             Killed from afar by a swamp worm (10 damage)
             ... with a harpoon shot
             ... on level 10 of the Dungeon.
             The game lasted 00:20:11 (7713 turns).

Ablot the Thaumaturge (Gnoll Skald)                 Turns: 7713, Time: 00:20:12

Health: -8/86      AC:  7    Str: 15    XL:     11   Next: 76%
Magic:  19/23      EV: 17    Int: 15    God:    Okawaru [****..]
Gold:   506        SH:  0    Dex: 17    Spells: 15/26 levels left

rFire    + . .     SeeInvis .   z - +9 morningstar of Eternal Vigilance {flame, rElec rPois}
rCold    . . .     Gourm    .   (no shield)
rNeg     . . .     Faith    .   I - +1 leather armour {rF+}
rPois    +         Spirit   .   (no helmet)
rElec    +         Reflect  .   (no cloak)
rCorr    .         Harm     .   (no gloves)
MR       .....                  c - +0 pair of boots
Stlth    ++++......             (no amulet)
HPRegen  1.24/turn              y - +1 ring of protection
MPRegen  0.18/turn              H - ring of stealth

@: regenerating
A: distributed training, fangs 1, strong nose
a: Heroism, Renounce Religion


You were on level 10 of the Dungeon.
You worshipped Okawaru.
Okawaru was greatly pleased with you.
You were not hungry.

You visited 2 branches of the dungeon, and saw 11 of its levels.

You collected 638 gold pieces.
You spent 132 gold pieces at shops.

Inventory:

Hand Weapons
 z - the +9 morningstar of Eternal Vigilance (weapon) {flame, rElec rPois}
   (You found it on level 4 of the Dungeon)

   It has been specially enchanted to burn those struck by it, causing extra
   injury to most foes and up to half again as much damage against particularly
   susceptible opponents.
   It insulates you from electricity.
   It protects you from poison.
Missiles
 f - 96 sling bullets
 i - 150 stones
 o - 86 bolts
 q - 53 poisoned needles
 w - 163 arrows
 C - 5 throwing nets (quivered)
 M - 5 needles of sleeping
Armour
 c - a +0 pair of boots (worn)
 I - a +1 leather armour of fire resistance (worn)
Jewellery
 y - a +1 ring of protection (left hand)
 H - a ring of stealth (right hand)
 K - an uncursed ring of see invisible
Wands
 b - a wand of iceblast (9)
 D - a wand of paralysis (15)
Scrolls
 e - 8 scrolls of teleportation {unknown}
 h - 5 scrolls of fear {unknown}
 j - 4 scrolls of amnesia {unknown}
 k - a scroll of fog {unknown}
 m - a scroll of random uselessness {unknown}
 n - 9 scrolls of remove curse
 r - a scroll of blinking {unknown}
 B - 6 scrolls of identify {unknown}
 G - a scroll of noise {unknown}
 J - a scroll of magic mapping {unknown}
Potions
 a - 2 potions of degeneration {unknown}
 g - 3 potions of brilliance {unknown}
 l - 3 potions of flight {unknown}
 p - a potion of lignification {unknown}
 s - 2 potions of haste {unknown}
 t - 2 potions of agility {unknown}
 u - a potion of ambrosia {unknown}
 v - 2 potions of berserk rage
 x - a potion of cancellation {unknown}
 A - 3 potions of mutation {unknown}
 E - 3 potions of curing
 F - a potion of magic {unknown}
 N - a potion of resistance {unknown}
Comestibles
 d - 20 rations
 L - 27 chunks of flesh


   Skills:
 + Level 8.0 Fighting
 + Level 6.5 Short Blades
 + Level 6.5 Long Blades
 + Level 6.5 Axes
 + Level 6.5 Maces & Flails
 + Level 8.0 Polearms
 + Level 6.5 Staves
 + Level 6.5 Slings
 + Level 6.5 Bows
 + Level 6.5 Crossbows
 + Level 6.5 Throwing
 + Level 7.0 Armour
 + Level 8.0 Dodging
 + Level 6.5 Stealth
 + Level 6.5 Shields
 + Level 6.5 Unarmed Combat
 + Level 8.3 Spellcasting
 + Level 5.3 Conjurations
 + Level 5.3 Hexes
 + Level 7.7 Charms
 + Level 5.3 Summonings
 + Level 5.3 Necromancy
 + Level 5.3 Translocations
 + Level 5.3 Transmutations
 + Level 5.3 Fire Magic
 + Level 5.3 Ice Magic
 + Level 5.3 Air Magic
 + Level 5.3 Earth Magic
 + Level 5.3 Poison Magic
 + Level 7.1 Invocations
 + Level 6.5 Evocations


You had 15 spell levels left.
You knew the following spells:

 Your Spells              Type           Power        Failure   Level  Hunger
a - Infusion              Chrm           ####         1%          1    None
b - Song of Slaying       Chrm           ####....     1%          2    None
c - Shroud of Golubria    Chrm/Tloc      ####......   1%          2    None
d - Regeneration          Chrm/Necr      ####......   2%          3    ##.....
e - Spectral Weapon       Hex/Chrm       ####....     2%          3    ##.....

Your spell library contained the following spells:

 Spells                   Type           Power        Failure   Level  Hunger


Dungeon Overview and Level Annotations

Branches:
Dungeon (10/15)            Temple (1/1) D:7
   Lair: D:8-11         Orc: D:9-12

Altars:
Ashenzari
Cheibriados
Dithmenos
Elyvilon
Fedhas
Gozag
Hepliaklqana
Kikubaaqudgha
Makhleb
Nemelex Xobeh
Okawaru
Qazlal
Ru
Sif Muna
Trog
Uskayaw
Vehumet
Wu Jian
Xom
Yredelemnul
Zin
The Shining One

Shops:
D:10 *


Innate Abilities, Weirdness & Mutations

Your experience applies equally to all skills.
You have very sharp teeth.
Your uncanny sense of smell can sniff out nearby items.


Message History

The swamp worm throws harpoon shot at you.
The harpoon shot misses you.
Found 17 sling bullets.
Okay, then.
Okay, then.
Casting: Regeneration (safe; 2% risk of failure)
Confirm with . or Enter, or press ? or * to list all spells.
Your skin crawls.
The seven-headed hydra bites you. The seven-headed hydra bites you!
* * * LOW HITPOINT WARNING * * *
The seven-headed hydra misses you.
The seven-headed hydra barely misses you.
The seven-headed hydra bites you!
* * * LOW HITPOINT WARNING * * *
The seven-headed hydra bites you but does no damage.
The seven-headed hydra bites you.
* * * LOW HITPOINT WARNING * * *
The swamp worm throws harpoon shot at you.
The harpoon shot hits you!
You die...

.................<.........)w#
.............................#
............................†#
..............8..............#
......!....w.................#
............8.∩.8............#
.............................#
..............8..............#
...(.........wD.@............#
#####..##############.####..#
#.. #≈≈≈≈≈≈≈.... #..
≈≈≈≈≈≈≈≈≈≈≈#.# #
.≈≈≈#######≈≈≈.# ∆ ...≈oP
#≈≈.# ...≈≈P ∆ ≈≈## ∆ ..o≈≈
≈≈# o..≈≈


You could see a seven-headed hydra and 2 swamp worms.

Vanquished Creatures
  Harold (D:7)
  3 two-headed ogres
  Pikel (D:8)
  Psyche (D:8)
  A troll (D:4)
  Grinder (D:6)
  Prince Ribbit (D:5)
  3 hippogriffs
  Eustachio (D:5)
  2 wyverns
  8 yaks
  A swamp worm (D:10)
  2 water moccasins
  2 black bears
  3 ice beasts
  Purgy (D:4)
  An orc warrior (D:6)
  A sky beast (D:8)
  6 phantoms
  7 ogres
  7 centaurs
  Blork the orc (D:5)
  2 bullfrogs (D:6)
  A gnoll sergeant (D:9)
  2 scorpions
  25 killer bees
  A howler monkey (D:9)
  2 centaur zombies
  5 crimson imps
  A quasit (D:10)
  3 hounds
  A centaur skeleton (D:8)
  3 orc priests (D:6)
  3 bullfrog skeletons
  An iguana (D:10)
  4 orc wizards
  4 worker ants
  A hound skeleton (D:6)
  9 gnolls
  2 worker ant zombies
  12 adders
  2 shadow imps
  A white imp (D:6)
  An adder zombie (D:5)
  4 worms
  3 dart slugs
  9 leopard geckos
  19 orcs
  3 ball pythons
  8 bats
  9 giant cockroaches
  6 goblins
  6 hobgoblins
  10 jackals
  4 quokkas
  9 frilled lizards
  5 kobolds
  4 rats
240 creatures vanquished.

Vanquished Creatures (others)
  4 slaves (D:8)
  A crimson imp (D:8)
  A quasit (D:8)
  A hound (D:8)
  4 plants (D:10)
  3 spectral weapons
14 creatures vanquished.

Grand Total: 254 creatures vanquished

Notes
Turn   | Place    | Note
-------+----------+-------------------------------------------
     0 | D:1      | Ablot the Gnoll Skald began the quest for the Orb.
     0 | D:1      | Reached XP level 1. HP: 20/20 MP: 6/6
   157 | D:1      | Reached XP level 2. HP: 26/26 MP: 7/7
   161 | D:1      | Learned a level 2 spell: Song of Slaying
   164 | D:1      | Learned a level 2 spell: Shroud of Golubria
   712 | D:2      | Reached XP level 3. HP: 27/31 MP: 9/9
   762 | D:2      | Reached skill level 5 in Spellcasting
  1066 | D:2      | Reached skill level 1 in Invocations
  1139 | D:2      | Reached skill level 1 in Short Blades
  1139 | D:2      | Reached skill level 1 in Long Blades
  1139 | D:2      | Reached skill level 1 in Axes
  1139 | D:2      | Reached skill level 1 in Maces & Flails
  1139 | D:2      | Reached skill level 1 in Staves
  1139 | D:2      | Reached skill level 1 in Slings
  1139 | D:2      | Reached skill level 1 in Bows
  1139 | D:2      | Reached skill level 1 in Crossbows
  1139 | D:2      | Reached skill level 1 in Throwing
  1139 | D:2      | Reached skill level 1 in Stealth
  1139 | D:2      | Reached skill level 1 in Shields
  1139 | D:2      | Reached skill level 1 in Unarmed Combat
  1139 | D:2      | Reached skill level 1 in Evocations
  1147 | D:2      | Reached XP level 4. HP: 31/38 MP: 6/11
  1360 | D:2      | Learned a level 3 spell: Regeneration
  1364 | D:2      | Learned a level 3 spell: Spectral Weapon
  1667 | D:3      | Reached skill level 1 in Conjurations
  1667 | D:3      | Reached skill level 1 in Hexes
  1667 | D:3      | Reached skill level 1 in Summonings
  1667 | D:3      | Reached skill level 1 in Necromancy
  1667 | D:3      | Reached skill level 1 in Translocations
  1667 | D:3      | Reached skill level 1 in Transmutations
  1667 | D:3      | Reached skill level 1 in Fire Magic
  1667 | D:3      | Reached skill level 1 in Ice Magic
  1667 | D:3      | Reached skill level 1 in Air Magic
  1667 | D:3      | Reached skill level 1 in Earth Magic
  1667 | D:3      | Reached skill level 1 in Poison Magic
  1817 | D:3      | Reached XP level 5. HP: 28/43 MP: 5/12
  2444 | D:4      | Noticed a black bear
  2462 | D:4      | Killed a black bear
  2462 | D:4      | Reached XP level 6. HP: 31/50 MP: 1/13
  2557 | D:4      | Noticed a troll
  2597 | D:4      | Reached skill level 5 in Fighting
  2597 | D:4      | Reached skill level 5 in Polearms
  2597 | D:4      | Reached skill level 5 in Dodging
  2705 | D:4      | Got an encrusted morningstar
  2706 | D:4      | Identified the +9 morningstar of Eternal Vigilance {flame, rElec rPois} (You found it on level 4 of the Dungeon)
  2776 | D:4      | Reached XP level 7. HP: 48/56 MP: 12/15
  2892 | D:4      | Noticed Purgy
  2905 | D:4      | Killed Purgy
  3178 | D:4      | Killed a troll
  3240 | D:5      | Entered Level 5 of the Dungeon
  3388 | D:5      | Reached XP level 8. HP: 54/63 MP: 13/16
  3557 | D:5      | Noticed Prince Ribbit
  3564 | D:5      | Killed Prince Ribbit
  3604 | D:5      | Noticed Eustachio
  3625 | D:5      | Killed Eustachio
  3711 | D:5      | Noticed Blork the orc
  3716 | D:5      | Killed Blork the orc
  3876 | D:6      | Reached XP level 9. HP: 27/69 MP: 13/18
  4045 | D:6      | Noticed Grinder
  4053 | D:6      | Killed Grinder
  4179 | D:6      | Found a white marble altar of Elyvilon.
  4200 | D:6      | Became a worshipper of Elyvilon the Healer
  4210 | D:6      | Reached skill level 5 in Armour
  4393 | D:6      | Found a basalt altar of Yredelemnul.
  4395 | D:6      | Found a shimmering altar of Xom.
  4929 | D:7      | Reached * piety under Elyvilon
  4931 | D:7      | Found a basalt altar of Yredelemnul.
  4963 | D:7      | Noticed Harold
  4979 | D:7      | Killed Harold
  4979 | D:7      | Reached skill level 5 in Invocations
  4979 | D:7      | Reached XP level 10. HP: 45/77 MP: 16/20
  5400 | D:7      | Reached skill level 5 in Short Blades
  5400 | D:7      | Reached skill level 5 in Long Blades
  5400 | D:7      | Reached skill level 5 in Axes
  5400 | D:7      | Reached skill level 5 in Maces & Flails
  5400 | D:7      | Reached skill level 5 in Staves
  5400 | D:7      | Reached skill level 5 in Slings
  5400 | D:7      | Reached skill level 5 in Bows
  5400 | D:7      | Reached skill level 5 in Crossbows
  5400 | D:7      | Reached skill level 5 in Throwing
  5400 | D:7      | Reached skill level 5 in Stealth
  5400 | D:7      | Reached skill level 5 in Shields
  5400 | D:7      | Reached skill level 5 in Unarmed Combat
  5400 | D:7      | Reached skill level 5 in Evocations
  5492 | D:7      | Found a staircase to the Ecumenical Temple.
  5498 | Temple   | Entered the Ecumenical Temple
  5527 | Temple   | Reached ** piety under Elyvilon
  5668 | Temple   | Fell from the grace of Elyvilon
  5668 | Temple   | Became a worshipper of Warmaster Okawaru
  5801 | D:8      | Noticed a two-headed ogre
  5808 | D:8      | Killed a two-headed ogre
  5808 | D:8      | Reached * piety under Okawaru
  5836 | D:8      | Found a shadowy altar of Dithmenos.
  5893 | D:8      | Found a sparkling altar of Nemelex Xobeh.
  5930 | D:8      | Found a burning altar of Makhleb.
  6102 | D:8      | Found a deep blue altar of Sif Muna.
  6137 | D:8      | Reached ** piety under Okawaru
  6172 | D:8      | Noticed Pikel
  6176 | D:8      | Killed Pikel
  6176 | D:8      | Reached XP level 11. HP: 22/84 MP: 13/22
  6197 | D:8      | Noticed Psyche
  6204 | D:8      | Killed Psyche
  6805 | D:8      | Noticed a two-headed ogre
  6811 | D:8      | Killed a two-headed ogre
  6811 | D:8      | Reached *** piety under Okawaru
  6900 | D:9      | Reached skill level 5 in Conjurations
  6900 | D:9      | Reached skill level 5 in Hexes
  6900 | D:9      | Reached skill level 5 in Summonings
  6900 | D:9      | Reached skill level 5 in Necromancy
  6900 | D:9      | Reached skill level 5 in Translocations
  6900 | D:9      | Reached skill level 5 in Transmutations
  6900 | D:9      | Reached skill level 5 in Fire Magic
  6900 | D:9      | Reached skill level 5 in Ice Magic
  6900 | D:9      | Reached skill level 5 in Air Magic
  6900 | D:9      | Reached skill level 5 in Earth Magic
  6900 | D:9      | Reached skill level 5 in Poison Magic
  7098 | D:9      | Noticed a two-headed ogre
  7108 | D:9      | Killed a two-headed ogre
  7235 | D:9      | Reached **** piety under Okawaru
  7284 | D:9      | Received a gift from Okawaru
  7494 | D:10     | Entered Level 10 of the Dungeon
  7494 | D:10     | Found Evitros's General Store.
  7518 | D:10     | Bought a potion of berserk rage for 60 gold pieces
  7518 | D:10     | Bought a potion of curing for 36 gold pieces
  7518 | D:10     | Bought a scroll of remove curse for 36 gold pieces
  7527 | D:10     | Noticed a seven-headed hydra
  7712 | D:10     | HP: 3/86 [seven-headed hydra (15)]
  7712 | D:10     | HP: 1/86 [seven-headed hydra (2)]
  7713 | D:10     | Killed from afar by a swamp worm

Skill      XL: |  1  2  3  4  5  6  7  8  9 10 11 |
---------------+----------------------------------+-----
Spellcasting   | 5 6 7 8 |  8.3
Invocations    | 1 2 3 4 5 6 7 |  7.1
Short Blades   | 1 2 3 4 5 6 |  6.5
Long Blades    | 1 2 3 4 5 6 |  6.5
Axes           | 1 2 3 4 5 6 |  6.5
Maces & Flails | 1 2 3 4 5 6 |  6.5
Staves         | 1 2 3 4 5 6 |  6.5
Slings         | 1 2 3 4 5 6 |  6.5
Bows           | 1 2 3 4 5 6 |  6.5
Crossbows      | 1 2 3 4 5 6 |  6.5
Throwing       | 1 2 3 4 5 6 |  6.5
Stealth        | 1 2 3 4 5 6 |  6.5
Shields        | 1 2 3 4 5 6 |  6.5
Unarmed Combat | 1 2 3 4 5 6 |  6.5
Evocations     | 1 2 3 4 5 6 |  6.5
Conjurations   | 1 2 3 4 5 |  5.3
Hexes          | 1 2 3 4 5 |  5.3
Summonings     | 1 2 3 4 5 |  5.3
Necromancy     | 1 2 3 4 5 |  5.3
Translocations | 1 2 3 4 5 |  5.3
Transmutations | 1 2 3 4 5 |  5.3
Fire Magic     | 1 2 3 4 5 |  5.3
Ice Magic      | 1 2 3 4 5 |  5.3
Air Magic      | 1 2 3 4 5 |  5.3
Earth Magic    | 1 2 3 4 5 |  5.3
Poison Magic   | 1 2 3 4 5 |  5.3
Armour         | 3 4 5 6 7 |  7.0
Fighting       | 5 6 7 8 |  8.0
Polearms       | 5 6 7 8 |  8.0
Dodging        | 5 6 7 8 |  8.0
Charms         | 6 7 |  7.7

Action                   |  1- 3 |  4- 6 |  7- 9 | 10-12 || total
-------------------------+-------+-------+-------+-------++-------
Melee: Spear             |   136 |   208 |       |       ||   344
       Bite              |    12 |    25 |    14 |    27 ||    78
       Punch             |       |     2 |     4 |    10 ||    16
       Morningstar       |       |    10 |   148 |   239 ||   397
 Cast: Shroud of Golubri |     2 |     8 |    13 |    20 ||    43
       Song of Slaying   |     1 |     2 |     1 |     8 ||    12
       Regeneration      |       |     6 |     7 |    20 ||    33
       Spectral Weapon   |       |     5 |    14 |    11 ||    30
       Infusion          |       |     1 |     3 |     2 ||     6
Invok: Heroism           |       |       |       |     2 ||     2
  Use: Potion            |       |       |     2 |     2 ||     4
 Stab: Sleeping          |     2 |     4 |     4 |    12 ||    22
       Distracted        |       |     1 |       |       ||     1
  Eat: Chunk             |     1 |     7 |     8 |    12 ||    28
Armor: Leather armour    |    19 |    28 |    46 |    77 ||   170
Dodge: Dodged            |    71 |   140 |   140 |   416 ||   767
